Map: 破晓之战 - 天梯版 (虚空)

Players

Drager

  • Race: Protoss Protoss
  • Spawn Location: 7:00

iGXY (XY) - Winner!

  • Race: Terran Terran
  • Spawn Location: 1:00

Event: WESG 2016 Finals

VOD

Have the link to the VOD?

Description

Time

  • Played on: Jan. 12, 2017, 2:11 a.m.
  • Length: 16:31

All games in this series

Show
View Real Time Build Order
Export as new Build Order

Drager Protoss 

Build Orders: 1 Gate Expand, Blink Stalkers 

Get SALT Encoding   

  12  0:00  Probe (Chrono Boost)  
  13  0:11  Probe (Chrono Boost)  
  14  0:18  Pylon  
  14  0:22  Probe (Chrono Boost)  
  15  0:36  Probe (Chrono Boost)  
  15  0:37  Gateway  
  16  0:46  Assimilator  
  16  0:47  Probe (Chrono Boost)  
  17  0:57  Probe (Chrono Boost)  
  18  1:08  Probe (Chrono Boost)  
  19  1:21  Nexus  
  19  1:30  Cybernetics Core  
  19  1:35  Probe (Chrono Boost)  
  19  1:39  Assimilator  
  20  1:45  Probe (Chrono Boost)  
  21  1:50  Pylon  
  21  1:56  Probe (Chrono Boost)  
  26  2:08  Adept  
  26  2:09  Mothership Core (Chrono Boost)  
  26  2:15  Warp Gate  
  26  2:27  Probe (Chrono Boost)  
  27  2:34  Probe (Chrono Boost)  
  28  2:37  Robotics Facility, Probe (Chrono Boost)  
  29  2:44  Probe (Chrono Boost)  
  29  2:48  Probe (Chrono Boost)  
  31  2:54  Twilight Council  
  31  2:55  Probe (Chrono Boost)  
  32  2:59  Probe (Chrono Boost)  
  34  3:05  Probe (Chrono Boost)  
  34  3:09  Probe (Chrono Boost)  
  35  3:12  Gateway  
  35  3:16  Probe (Chrono Boost)  
  35  3:18  Gateway  
  36  3:20  Probe (Chrono Boost)  
  36  3:21  Blink  
  36  3:25  Observer  
  39  3:27  Probe (Chrono Boost)  
  39  3:32  Probe (Chrono Boost)  
  40  3:37  Probe (Chrono Boost)  
  41  3:45  Probe (Chrono Boost)  
  43  3:48  Observer  
  43  3:50  Probe (Chrono Boost)  
  43  3:51  Assimilator  
  45  3:57  Probe (Chrono Boost)  
  45  3:59  Pylon  
  45  4:00  Probe (Chrono Boost)  
  46  4:10  Pylon  
  46  4:17  Probe (Chrono Boost)  
  46  4:19  Probe (Chrono Boost)  
  46  4:24  Stalker  
  46  4:25  Stalker x2  
  46  4:28  Probe (Chrono Boost)  
  54  4:31  Probe (Chrono Boost)  
  54  4:34  Nexus  
  54  4:39  Probe (Chrono Boost), Observer  
  56  4:52  Stalker x2  
  56  4:53  Stalker  
  56  4:58  Pylon  
  62  5:07  Probe (Chrono Boost)  
  62  5:17  Probe (Chrono Boost)  
  62  5:19  Probe (Chrono Boost)  
  62  5:28  Stalker x2  
  65  5:30  Probe (Chrono Boost)  
  65  5:31  Stalker, Probe (Chrono Boost)  
  68  5:41  Immortal  
  68  5:42  Resonating Glaives  
  68  5:49  Pylon  
  72  5:54  Probe (Chrono Boost)  
  72  5:55  Probe x2 (Chrono Boost)  
  74  6:04  Probe (Chrono Boost)  
  74  6:07  Probe (Chrono Boost)  
  77  6:11  Probe (Chrono Boost)  
  77  6:15  Probe (Chrono Boost)  
  77  6:17  Immortal  
  78  6:21  Adept x3  
  88  6:29  Gateway  
  88  6:31  Gateway  
  88  6:38  Gateway  
  88  6:39  Gateway  
  88  6:46  Sentry, Gateway  
  90  6:47  Adept  
  90  6:51  Pylon  
  90  6:52  Pylon  
  92  6:55  Pylon  
  92  6:56  Pylon  
  92  7:04  Warp Prism  
  92  7:09  Adept x3  
  94  7:25  Probe (Chrono Boost)  
  94  7:27  Gateway x2, Probe x2 (Chrono Boost)  
  97  7:31  Stalker x3  
  97  7:36  Probe (Chrono Boost)  
  104  7:39  Probe (Chrono Boost)  
  104  7:40  Adept x2  
  109  7:49  Adept x3  
  107  7:54  Adept x3  
  107  7:57  Probe x2 (Chrono Boost)  
  112  8:02  Probe (Chrono Boost)  
  113  8:06  Adept x2  
  116  8:38  Adept x2  
  116  8:39  Adept x2  
  119  8:45  Pylon  
  119  8:47  Pylon  
  117  8:49  Pylon  
  117  8:51  Adept, Pylon  
  117  8:55  Pylon x2  
  114  8:58  Immortal, Pylon  
  114  9:01  Pylon  
  114  9:05  Adept x4  
  121  9:17  Adept x3  
  121  9:18  Adept x3  
  115  9:29  Probe x3 (Chrono Boost)  
  118  9:35  Stalker x4  
  121  9:40  Probe (Chrono Boost)  
  121  9:41  Probe x2 (Chrono Boost)  
  120  9:51  Adept x6  
  131  9:53  Probe (Chrono Boost)  
  131  10:02  Stalker x4  
  133  10:18  Probe (Chrono Boost)  
  130  10:23  Probe (Chrono Boost)  
  130  10:24  Adept x3  
  130  10:25  Adept x2  
  130  10:26  Zealot x4  
  128  10:42  Adept  
  102  10:50  Adept x4  
  102  10:53  Zealot x2  
  91  11:11  Adept x4  
  74  11:29  Adept  
  74  11:30  Adept  
  76  11:34  Zealot x4  
  76  11:39  Probe x2 (Chrono Boost)  
  82  11:41  Zealot  
  74  12:11  Adept  
  74  12:12  Adept x3  
  76  12:18  Probe x2 (Chrono Boost)  
  76  12:19  Probe (Chrono Boost)  
  77  12:29  Probe (Chrono Boost), Adept  
  80  12:30  Adept x2  
  80  12:31  Probe x2 (Chrono Boost)  
  78  12:40  Probe (Chrono Boost)  
  78  12:43  Probe (Chrono Boost)  
  74  12:49  Adept x2  
  74  12:50  Zealot, Adept x2  
  76  12:56  Probe (Chrono Boost)  
  60  13:19  Adept x7  
  72  13:24  Assimilator  
  72  13:26  Probe (Chrono Boost)  
  75  13:28  Probe x2 (Chrono Boost)  
  59  13:42  Adept x4  
  43  13:48  Adept x4  
  51  13:57  Adept x3  
  51  14:01  Adept  
  59  14:12  Warp Prism  
  59  14:16  Adept x2  
  63  14:21  Assimilator, Adept  
  63  14:23  Adept  
  69  14:40  Adept x3  
  69  14:48  Observer, Probe (Chrono Boost)  
  69  14:49  Probe x2 (Chrono Boost)  
  73  15:01  Adept x2  
  73  15:02  Adept  
  73  15:04  Adept  
  81  15:12  Adept x3  
  81  15:13  Zealot  
  79  15:22  Adept x2  
  73  15:35  Adept x2  
  71  15:48  Adept x2  
  59  16:00  Mothership Core (Chrono Boost)  
  59  16:03  Adept  
Show
View Real Time Build Order
Export as new Build Order

iGXY Terran - Winner!

Build Orders: Liberator Opening, Reaper Expand, MMM Bio 

Get SALT Encoding   

  12  0:00  SCV  
  13  0:12  SCV  
  14  0:17  Supply Depot  
  14  0:25  SCV  
  15  0:29  Refinery  
  15  0:39  SCV  
  16  0:45  Barracks  
  16  0:51  SCV  
  17  1:03  SCV  
  18  1:15  SCV  
  19  1:32  Orbital Command, Reaper  
  20  1:44  Command Center  
  20  1:56  Factory  
  20  1:59  SCV  
  21  2:07  Barracks Reactor  
  21  2:10  Refinery  
  21  2:12  SCV  
  22  2:18  Supply Depot  
  22  2:24  SCV  
  23  2:40  SCV, Starport  
  23  2:44  Marine x2  
  24  2:46  Widow Mine  
  28  2:52  SCV  
  28  2:58  Orbital Command  
  29  3:04  SCV  
  30  3:06  Marine x2  
  32  3:14  Widow Mine  
  32  3:16  Medivac  
  32  3:18  SCV  
  37  3:24  Marine x2  
  37  3:25  SCV  
  40  3:29  Liberator  
  40  3:30  SCV  
  41  3:37  Supply Depot  
  41  3:38  SCV  
  42  3:42  SCV  
  42  3:44  Factory Tech Lab  
  46  3:55  Barracks  
  46  3:58  SCV x2  
  46  4:01  Barracks  
  48  4:03  Marine  
  48  4:04  Marine  
  53  4:10  SCV  
  54  4:26  Supply Depot  
  54  4:28  SCV x2  
  53  4:33  Starport Reactor  
  53  4:40  SCV  
  53  4:41  Refinery  
  53  4:42  Engineering Bay  
  53  4:43  Barracks Tech Lab  
  54  4:47  SCV  
  54  4:51  Supply Depot  
  55  4:53  SCV  
  55  4:54  Marine x2  
  55  4:55  Factory Reactor  
  55  4:58  Marauder, Stimpack  
  55  4:59  SCV  
  61  5:02  Combat Shields  
  61  5:10  SCV, Missile Turret, Terran Infantry Weapons Level 1  
  61  5:13  Marauder, SCV  
  65  5:14  Marine x2  
  62  5:22  SCV  
  62  5:24  Marauder  
  64  5:29  Medivac  
  64  5:31  Widow Mine  
  64  5:32  Marine x2  
  69  5:38  Refinery  
  69  5:39  Supply Depot  
  69  5:42  SCV  
  69  5:50  SCV  
  70  6:00  Widow Mine  
  70  6:01  Marauder x2, SCV  
  70  6:02  Marine, Supply Depot  
  78  6:17  Command Center  
  78  6:18  SCV  
  78  6:22  Barracks  
  78  6:23  Barracks, Marine  
  78  6:24  Marauder, SCV  
  82  6:26  Marauder, Marine  
  82  6:28  Supply Depot  
  84  6:37  Medivac  
  86  6:40  Supply Depot  
  86  6:49  Marine, SCV, Medivac  
  86  6:53  Marauder x2  
  94  6:55  Supply Depot  
  94  6:57  Supply Depot  
  94  7:01  Marine, Widow Mine x2  
  94  7:03  Supply Depot  
  94  7:07  Marine  
  100  7:08  SCV  
  100  7:11  Barracks Tech Lab, Barracks Reactor  
  101  7:16  Terran Infantry Armor Level 1  
  101  7:17  SCV, Medivac  
  101  7:21  Marine, Marauder x2  
  109  7:25  Marine  
  109  7:29  SCV  
  111  7:30  Marauder  
  111  7:32  SCV  
  114  7:39  Marine  
  114  7:41  SCV  
  114  7:43  Marine, Marauder x2  
  121  7:44  Armory  
  121  7:45  Engineering Bay  
  121  7:48  SCV  
  113  7:53  SCV  
  113  8:00  Marauder  
  113  8:01  Marine x2  
  113  8:04  Marauder, Widow Mine  
  113  8:05  Widow Mine  
  113  8:06  SCV x2  
  115  8:18  SCV  
  115  8:19  SCV  
  117  8:24  Marauder x2  
  117  8:25  Marine  
  121  8:32  SCV  
  121  8:33  Widow Mine x2  
  126  8:34  Marauder, Marine x2  
  126  8:35  SCV  
  126  8:39  SCV  
  126  8:40  Liberator  
  126  8:41  Marine  
  128  8:42  Marine  
  128  8:45  Marauder x2  
  132  8:52  Marine x2  
  136  8:55  Marauder  
  136  8:58  Orbital Command  
  136  8:59  Marine  
  136  9:00  Marine, Supply Depot  
  141  9:10  Marine  
  141  9:16  Marine  
  141  9:19  Marauder x2  
  135  9:26  Medivac  
  135  9:28  Marauder  
  135  9:30  Refinery x2  
  139  9:31  Command Center  
  139  9:34  Marine x4  
  139  9:37  Terran Infantry Weapons Level 2  
  143  9:40  Marauder x2, Medivac, Terran Infantry Armor Level 2  
  149  9:52  Marine  
  149  9:58  Supply Depot  
  149  9:59  Marine x2  
  148  10:00  Marauder  
  148  10:01  Marauder x2  
  148  10:06  Medivac  
  156  10:07  Supply Depot  
  156  10:10  Medivac  
  156  10:14  Marine x2, Widow Mine  
  143  10:21  Marine, Marauder  
  143  10:23  Marauder x2  
  143  10:27  Marine  
  143  10:32  Marine x2  
  143  10:33  SCV x3  
  140  10:39  Marine  
  117  10:43  Marauder  
  117  10:44  Marauder x2  
  117  10:45  Marine  
  117  10:49  Marine  
  104  10:51  Marine  
  94  10:57  Marine  
  94  11:01  Orbital Command  
  94  11:02  Marine  
  96  11:04  Marauder  
  96  11:05  Marine  
  96  11:06  Marauder  
  96  11:07  Marine, Medivac  
  96  11:09  Marine  
  105  11:15  Marine  
  102  11:20  Marine  
  102  11:23  Marauder  
  102  11:24  Widow Mine x2  
  102  11:25  Marine  
  94  11:26  Marauder, Marine  
  94  11:27  Marine  
  89  11:33  Marine  
  89  11:38  Marine  
  78  11:43  Marine  
  78  11:45  Marauder x2, Marine  
  78  11:46  Marine  
  65  11:55  Widow Mine  
  65  12:01  Marine  
  64  12:03  Marine  
  64  12:05  Marauder  
  64  12:06  Marine, Marauder  
  65  12:18  Marine  
  65  12:20  Marine, Orbital Command  
  65  12:22  Widow Mine  
  64  12:24  Marauder  
  64  12:26  Marauder  
  64  12:27  Marauder  
  66  12:36  Marine  
  65  12:38  Marine  
  57  12:45  Marine  
  57  12:47  Marine  
  57  12:48  Marine, Orbital Command  
  57  12:51  Widow Mine  
  59  12:54  Marine  
  59  12:56  Marine  
  61  13:03  Marine  
  61  13:05  Marine  
  63  13:06  Marine  
  63  13:12  Marine  
  65  13:14  Marine  
  66  13:22  Factory Reactor  
  66  13:23  Marauder  
  66  13:24  Barracks Reactor  
  66  13:25  Barracks Tech Lab  
  68  13:29  Orbital Command  
  68  13:30  Marine  
  68  13:31  Medivac x2  
  68  13:32  Marine  
  63  13:45  Marauder, Marine  
  63  13:47  Marine, SCV x2  
  63  13:49  Marine  
  64  13:56  SCV x2  
  66  14:03  Marine  
  66  14:04  Marine x2  
  66  14:05  Marine x2  
  66  14:07  Marine, SCV  
  73  14:14  SCV  
  74  14:19  SCV x2  
  74  14:21  Marine  
  74  14:23  Marine  
  74  14:24  Marine, Marauder, Widow Mine x2  
  81  14:26  SCV  
  81  14:27  SCV  
  81  14:31  SCV  
  88  14:32  SCV  
  88  14:37  Marine  
  88  14:38  SCV  
  88  14:39  Marauder  
  88  14:43  SCV, Orbital Command  
  88  14:45  Marauder  
  94  14:49  Marine x3  
  94  14:51  Barracks  
  97  15:01  Marauder, Marine  
  97  15:04  Medivac  
  97  15:06  Marine  
  97  15:07  Marauder  
  105  15:09  Marine  
  105  15:11  Widow Mine  
  105  15:12  Widow Mine  
  106  15:21  Marine x2  
  106  15:22  Marauder  
  106  15:28  Marauder, Concussive Shells  
  112  15:31  Marine x2  
  112  15:32  SCV  
  106  15:38  Marine  
  106  15:40  Marine  
  105  15:43  Marauder  
  105  15:49  Marine x2, Marauder  
  100  15:50  Marine  
  100  15:54  SCV  
  97  15:58  Marine  
  97  16:05  Marauder  
  97  16:09  Marine x2  
Tags
 
Add a new tag
Caveats
  • Supply blocks, unpowered buildings, or Contaminate may cause inaccurate times.
  • Supply counts are checked every 10 seconds.